 Dungeon Crawl Stone Soup version 0.15.0-31-geb66e34 (webtiles) character file.

128 MackTheKnife the Sneak (level 5, -9/30 HPs)
             Began as a Kobold Assassin on Sept 14, 2014.
             Killed from afar by Natasha (15 damage)
             ... with a wand of frost
             ... on Level 4 of the Dungeon.
             The game lasted 00:04:37 (2277 turns).

MackTheKnife the Sneak (Kobold Assassin)            Turns: 2277, Time: 00:04:38

HP  -9/30        AC  4     Str  9      XL: 5   Next: 34%
MP   5/5         EV 12     Int  9      God:
Gold 79          SH  0     Dex 19      Spells:  0 memorised,  4 levels left

rFire  . . .     SeeInvis .     a - +2 dagger
rCold  . . .     Clarity  .     k - +0 leather armour
rNeg   . . .     rCorr    .     (no shield)
rPois  .         rRot     .     (no helmet)
rElec  .         Spirit   .     d - +0 cloak
SustAb .         Warding  .     (no gloves)
rMut   .         Stasis   .     (no boots)
Gourm  .                        (no amulet)
MR     .....                    (no ring)
                                (no ring)

@: not resistant to hostile enchantments, stealthy
A: carnivore 3
a: no special abilities


You were on level 4 of the Dungeon.
You were not hungry.

You visited 1 branch of the dungeon, and saw 4 of its levels.

You collected 79 gold pieces.


Innate Abilities, Weirdness & Mutations

You are small and have problems with some larger weapons.
You are carnivorous and can eat meat at any time.


   Skills:
 - Level 2.1 Fighting
 + Level 5.2 Short Blades
 - Level 2.6 Throwing
 - Level 1.2 Dodging
 + Level 7.1 Stealth


You had 4 spell levels left.
You didn't know any spells.

Inventory:

Hand weapons
 a - a +2 dagger (weapon)
 b - a +0 blowgun
 r - a +0 cutlass
Missiles
 e - 8 poisoned needles
 f - 2 curare-tipped needles
Armour
 c - a +0 robe
 d - a +0 cloak (worn)
 k - a +0 leather armour (worn)
Comestibles
 g - a meat ration
 m - a royal jelly
 s - a beef jerky
Scrolls
 j - a scroll of enchant armour {unknown}
 n - a scroll of magic mapping {unknown}
 o - a scroll of teleportation {unknown}
 p - a scroll of identify
 t - a scroll of blinking {unknown}
 u - a scroll of recharging {unknown}
Potions
 h - 2 potions of curing
 i - a potion of brilliance {unknown}
 l - a potion of heal wounds {unknown}
 q - 2 potions of mutation {!q}

▒·▒ ▒·▒ ▒▒▒ ▒·▒ ▒▒▒▒▒▒▒▒▒▒ · ··
▒·▒ ▒········▒ ▒··▒ ▒· ▒▒·▒▒
▒·▒▒▒▒▒▒·▒▒▒▒ ▒··▒▒▒▒▒·
▒▒▒···▒▒▒▒·▒▒······<·▒ ▒··▒▒····
···········▒▒·▒▒▒·▒▒·▒ ▒▒··▒···▒·
▒▒▒···▒▒▒▒▒▒▒·▒▒▒·▒▒·▒▒▒···▒···▒·
▒▒·▒▒ ▒···K·▒▒·▒▒·········· ▒)▒
▒··▒▒▒▒▒·▒▒·········· ▒·▒
▒▒▒··▒▒▒▒▒·▒▒·········· ▒▒'▒▒
▒·······▒▒·▒▒▒···▒···▒▒ ▒▒%··▒▒
▒h▒········▒ ▒▒<▒▒···▒ ▒▒·····▒▒
▒·▒▒·▒▒·▒▒▒▒ ▒·▒▒▒▒▒▒
▒·······▒▒▒·▒▒·▒▒·▒ ▒·▒ ▒▒
·········▒▒·····▒·▒▒▒▒▒▒▒·▒···▒▒▒
·········'h·········)············


You could see Natasha.


Message History

* * * LOW HITPOINT WARNING * * *
The crimson imp closely misses you.
You closely miss Natasha.
Natasha zaps a wand.
The puff of frost misses you. The crimson imp puffs mist at you.
The crimson imp hits you but does no damage.
Unknown command.
Natasha zaps a wand.
The puff of frost misses you.
Read which item? (? for menu, Esc to quit)
Okay, then.
The crimson imp blinks!
Natasha casts a spell.
Natasha growls.
The crimson imp blinks!
Natasha extends her claws.
The crimson imp blinks!
Natasha casts a spell.
You have a terrible headache.
Natasha mumbles some strange words.
The crimson imp blinks!
Natasha mumbles some strange words.
There is an open door here.
As you close the door, it creaks loudly!
A crimson imp opens the door.
Natasha zaps a wand.
The puff of frost hits you!
* * * LOW HITPOINT WARNING * * *
Natasha stares at you.
You feel disoriented.
Natasha zaps a wand.
The puff of frost hits you!
Ouch! That really hurt!
You die...

Action                   |  1- 3 |  4- 6 || total
-------------------------+-------+-------++-------
Melee: Dagger            |   131 |    74 ||   205
 Fire: Blowgun           |     2 |     3 ||     5
  Use: Potion            |       |     1 ||     1
       Scroll            |       |     1 ||     1
 Stab: Sleeping          |    13 |     2 ||    15
  Eat: Chunk             |     3 |     2 ||     5

Vault maps used:
D:1:      lemuel_arrival_behind_the_door_small
D:2:      old_standard_altar, gammafunk_temple_overflow_elements,
          grunt_decor_fettered
D:3:      wad_crossroads, cheibriados_altar_1
D:4:      portal_sewer_entry_e, serial_shops, shop_statue, first_bread,
          minmay_misc_feat_tower, uniq_natasha

Notes
Turn   | Place    | Note
--------------------------------------------------------------
     0 | D:1      | MackTheKnife, the Kobold Assassin, began the quest for the Orb.
     0 | D:1      | Reached XP level 1. HP: 12/12 MP: 1/1
   403 | D:1      | Reached skill level 3 in Short Blades
   406 | D:1      | Reached XP level 2. HP: 12/17 MP: 2/2
   685 | D:1      | Reached skill level 6 in Stealth
   861 | D:1      | Reached XP level 3. HP: 19/21 MP: 3/3
   945 | D:2      | Found an iron altar of Okawaru.
  1333 | D:2      | Reached skill level 4 in Short Blades
  1487 | D:2      | Found a bloodstained altar of Trog.
  1487 | D:2      | Found a radiant altar of Vehumet.
  1622 | D:3      | Reached XP level 4. HP: 26/26 MP: 4/4
  1709 | D:4      | Noticed Natasha
  1731 | D:4      | Killed Natasha
  1904 | D:4      | Noticed a hungry ghost
  1922 | D:4      | Reached skill level 5 in Short Blades
  1922 | D:4      | Reached skill level 7 in Stealth
  1922 | D:4      | Reached XP level 5. HP: 18/30 MP: 5/5
  2240 | D:4      | Noticed Natasha
  2277 | D:4      | Killed from afar by Natasha

Vanquished Creatures
  Natasha (D:4)
  A worker ant (D:4)
  2 adders (D:4)
  An inept item mimic (D:2)
  3 giant geckos
  An orc (D:4)
  6 bats
  6 hobgoblins
  7 kobolds
  An ooze (D:1)
  A quokka (D:4)
  A ball python (D:2)
  5 giant cockroaches
  2 giant newts (D:1)
  8 goblins
  A hobgoblin skeleton (D:4)
  5 rats
52 creatures vanquished.
